 Dungeon Crawl Stone Soup version 0.20.1-1-g8b1a95d (webtiles) character file.

82 t3hbunneh the Skirmisher (level 4, -3/37 HPs)
             Began as a Demonspawn Fighter on Oct 27, 2017.
             Splashed by Ijyb's acid (13 damage)
             ... on level 3 of the Dungeon.
             The game lasted 00:04:52 (2022 turns).

t3hbunneh the Skirmisher (Demonspawn Fighter)       Turns: 2022, Time: 00:04:54

Health: -3/37      AC: 12    Str: 18      XL:     4   Next: 21%
Magic:  4/4        EV:  7    Int:  7 (9)  God:
Gold:   102        SH:  8    Dex: 10 (12) Spells: 3/3 levels left

rFire    . . .     SeeInvis .   a - +0 flail
rCold    . . .     Gourm    .   c - +0 shield
rNeg     . . .     Faith    .   b - +0 scale mail
rPois    .         Spirit   .   (no helmet)
rElec    +         Reflect  .   (no cloak)
rCorr    .         Harm     .   (no gloves)
MR       .....                  (no boots)
Stlth    ..........             (no amulet)
Regen    0.2/turn               (no ring)
MPRegen  0.1/turn               (no ring)

@: sanguine armour
A: talons 1, electricity resistance, sanguine armour 1
a: no special abilities


You were on level 3 of the Dungeon.
You were hungry.

You visited 1 branch of the dungeon, and saw 3 of its levels.

You collected 102 gold pieces.

Inventory:

Hand Weapons
 a - a +0 flail (weapon)
Armour
 b - a +0 scale mail (worn)
 c - a +0 shield (worn)
Jewellery
 l - a +3 ring of evasion {unknown}
Wands
 s - a wand of clouds (5/9)
Scrolls
 e - 3 scrolls of remove curse {unknown}
 h - 2 scrolls of identify {unknown}
 i - a scroll of amnesia {unknown}
 n - a scroll of noise {unknown}
 o - a scroll of random uselessness {unknown}
 p - a scroll of teleportation {unknown}
 q - a scroll of fear {unknown}
 r - a scroll of enchant weapon {unknown}
Potions
 d - a potion of might
 g - a potion of curing {unknown}
Comestibles
 f - 2 bread rations
 j - 2 meat rations
 k - 6 fruits
 m - a royal jelly


   Skills:
 + Level 3.7 Fighting
 + Level 3.4 Maces & Flails
 - Level 2.6 Armour
 + Level 0.2 Stealth
 - Level 2.7 Shields


You had 3 spell levels left.
You didn't know any spells.

Dungeon Overview and Level Annotations

Branches:
Dungeon (3/15)

Altars:
Fedhas

Annotations:
D:3 Ijyb


Innate Abilities, Weirdness & Mutations

You have sharp toenails.
When seriously injured, your bleeding wounds create armour. (AC +6)
You are resistant to electric shocks. (rElec)


Message History

There is a stone staircase leading down here.
You climb downwards.
There is a stone staircase leading up here.
You open the door.
There is an open door here.
Ijyb the Twisted Goblin comes into view.
She is wielding a club.
Ijyb shouts!
Ijyb drinks a potion.
Ijyb seems to speed up.
Found a scroll labeled VIMEIT JOTZASE.
Ijyb barely misses you.
You see here a potion of might.
Your shield and scale mail prevent you from hitting Ijyb.
You claw Ijyb.
Ijyb is lightly wounded.
Ijyb zaps a wand.
The bolt of acid hits you!
You are splashed with acid!
The acid burns!
Your blood congeals into armour.
It is a wand of acid (?/15).
Ijyb hits you but does no damage.
Ijyb zaps a wand.
The bolt of acid hits you!
* * * LOW HITPOINT WARNING * * *
You are splashed with acid!
The acid burns!
You die...

#. ... #.# ##+## #.#
##...## #######.##
##.....##
#<.......####.......##
#.###.....##........?#
...........'.........+
#.#.......##....@g...#
#.#.##...####.......##
#.......## ##.....##
###.##### ##...## #.#
##+## ###


You could see Ijyb.

Vanquished Creatures
  2 adders (D:2)
  An ooze (D:2)
  5 worms
  A leopard gecko (D:2)
  5 bats
  3 goblins
  4 hobgoblins
  6 jackals
  A quokka (D:2)
  A ball python (D:1)
  3 frilled lizards
  7 kobolds
  4 rats (D:1)
43 creatures vanquished.

Notes
Turn   | Place    | Note
-------+----------+-------------------------------------------
     0 | D:1      | t3hbunneh the Demonspawn Fighter began the quest for the Orb.
     0 | D:1      | Reached XP level 1. HP: 18/18 MP: 1/1
   157 | D:1      | Gained mutation: You have sharp toenails. [demonic ancestry]
   157 | D:1      | Reached XP level 2. HP: 23/24 MP: 2/2
   863 | D:2      | Gained mutation: When seriously injured, your bleeding wounds create armour. (AC +6) [demonic ancestry]
   863 | D:2      | Reached XP level 3. HP: 29/29 MP: 3/3
  1112 | D:2      | Gained mutation: You are clumsy. (Dex -2) [potion of mutation]
  1112 | D:2      | Lost mutation: You are clumsy. (Dex -2) [potion of mutation]
  1112 | D:2      | Gained mutation: You are resistant to electric shocks. (rElec) [potion of mutation]
  1487 | D:2      | Reached XP level 4. HP: 26/36 MP: 4/4
  1852 | D:2      | Found a blossoming altar of Fedhas.
  2018 | D:3      | Noticed Ijyb
  2022 | D:3      | Splashed by Ijyb's acid

Skill      XL: |  1  2  3 |
---------------+----------+-----
Maces & Flails | 2 3 |  3.4
Fighting       | |  3.7
Armour         | |  2.6
Stealth        | |  0.2
Shields        | |  2.7

Action                   |  1- 3 |  4- 6 || total
-------------------------+-------+-------++-------
Melee: Flail             |   108 |    20 ||   128
       Kick              |    23 |     5 ||    28
  Use: Potion            |     2 |       ||     2
  Eat: Chunk             |     2 |     1 ||     3
Armor: Scale mail        |    57 |    13 ||    70
Dodge: Dodged            |    34 |     4 ||    38
Block: Shield            |    60 |     9 ||    69
